cohdb
Replays
Latest Replays
All Replays
Popular Replays
Top Player Replays
Match Explorer
How It Works
Community
CoH3 Stats
Reddit
Sign in to upload your games and track your stats! →
Sign in with Steam
Match 45285322
Unlisted
Match 45285322
Overview
Messages
Build Orders
End
Construct Barracks
Riflemen Squad
Riflemen Squad
Riflemen Squad
Infantry Support Center
Engineer Squad
Construct Motor Pool
M8 Greyhound Armored Car
Selects Heavy Weapons
Construct Weapon Support Center
Riflemen Squad
M1918 Browning Automatic Rifles
Grenade Package
M1919 Machine Gun Team
Selects Assault Carriers
Selects Exchangeable Parts
.30 cal Machine Gun
TantheMan415
PlzForGiveMeZ
Mexidankus Bartholemewl
jing
CommieRed
Zergvoss
Thank You Chef
Kray-Tos
0
0
Comments
sign in to comment!
No comments posted yet!